 Dungeon Crawl Stone Soup version 0.27.1 (webtiles) character file.

Game seed: 11182566461530447446

648 Descartes the Blocker (level 7, 0/52 HPs)
             Began as a Formicid Fighter on Aug 22, 2021.
             Slain by a killer bee (4 damage)
             ... on level 4 of the Dungeon.
             The game lasted 00:10:04 (4490 turns).

Descartes the Blocker (Formicid Fighter)            Turns: 4490, Time: 00:10:04

Health: 0/52       AC:  8    Str: 21    XL:     7   Next: 83%
Magic:  7/7        EV:  9    Int:  9    God:
Gold:   21         SH: 11    Dex: 10    Spells: 6/6 levels left

rFire    . . .     SeeInvis +   v - +2 dire flail
rCold    + . .     Faith    .   c - +0 kite shield
rNeg     . . .     Spirit   .   b - +0 scale mail
rPois    .         Reflect  .   (helmet unavailable)
rElec    .         Harm     .   q - +0 cloak
rCorr    .         Rampage  .   (no gloves)
Will     .....                  (no boots)
Stlth    ..........             (no amulet)
HPRegen  0.17/turn              r - ring of protection from cold
MPRegen  0.10/turn              (no ring)

@: lethally poisoned (0 -> -4)
A: permanent stasis, dig shafts and tunnels, antennae 3, four strong arms
a: Dig, Shaft Self


You were on level 4 of the Dungeon.
You visited 1 branch of the dungeon, and saw 5 of its levels.

You collected 153 gold pieces.
You spent 132 gold pieces at shops.

Inventory:

Hand Weapons
 a - a +0 war axe
 p - a +2 quarterstaff of chaos
 v - a +2 dire flail (weapon)
Missiles
 m - 11 bolts
 n - 30 arrows
 o - 10 stones
 t - 16 sling bullets
Armour
 b - a +0 scale mail (worn)
 c - a +0 kite shield (worn)
 q - a +0 cloak (worn)
Magical Staves
 k - a staff of conjuration
Jewellery
 r - a ring of protection from cold (left hand)
Wands
 w - a wand of flame (8)
Scrolls
 f - a scroll of fear
 g - a scroll of noise {unknown}
 h - a scroll of enchant weapon
 i - 2 scrolls of vulnerability
 j - a scroll of brand weapon
 l - a scroll of blinking {unknown}
 s - a scroll of immolation {unknown}
 u - a scroll of amnesia {unknown}
Potions
 e - a potion of brilliance
 x - a potion of flight {unknown}


   Skills:
 - Level 3.2 Fighting
 - Level 2.0(2.3) Axes
 + Level 1.9(2.3) Maces & Flails
 - Level 5.0 Armour
 - Level 9.0 Shields


You had 6 spell levels left.
You didn't know any spells.
Your spell library was empty.

Dungeon Overview and Level Annotations

Branches:
Dungeon (5/15)
 Temple: D:4-7

Altars:

Shops:
D:3 ?

Annotations:
D:4 Pikel, Sigmund
D:5 Purgy


Innate Abilities, Weirdness & Mutations

You cannot be hasted, slowed, berserked, paralysed or teleported.
You can dig through walls and to a lower floor.
You have a pair of large antennae on your head. (SInv)
Your four strong arms can wield two-handed weapons with a shield.


Message History

The water moccasin skeleton barely misses you.
You puncture the water moccasin skeleton!
The water moccasin skeleton is heavily damaged.
The water moccasin skeleton completely misses you.
The water moccasin skeleton closely misses you.
You closely miss the water moccasin skeleton.
The water moccasin skeleton is heavily damaged.
The water moccasin skeleton barely misses you.
You barely miss the water moccasin skeleton.
The water moccasin skeleton is heavily damaged.
You block the water moccasin skeleton's attack.
The water moccasin skeleton bites you but does no damage.
You barely miss the water moccasin skeleton.
The water moccasin skeleton is heavily damaged.
You block the water moccasin skeleton's attack.
You sock the water moccasin skeleton!
The water moccasin skeleton is almost destroyed.
You hear a shout!
A killer bee comes into view.
The water moccasin skeleton bites you but does no damage.
A goblin comes into view. It is wielding a +0 dagger.
The water moccasin skeleton bites you but does no damage.
The killer bee buzzes angrily.
You hear an angry buzzing noise.
The killer bee stings you.
* * * LOW HITPOINT WARNING * * *
You are poisoned.
The killer bee poisons you!
A jelly comes into view.
* * * LOW HITPOINT WARNING * * *
You feel sick. The killer bee stings you.
* * * LOW HITPOINT WARNING * * *
* * * LOW HITPOINT WARNING * * *
You feel sick.
A killer bee comes into view.
* * * LOW HITPOINT WARNING * * *
You feel sick.
The killer bee buzzes angrily.
The killer bee stings you.
You die...

.. #..######...
.. ...#...... ..
........ . ..
......# {.. ..
.....# .#. ..
##.[..#.... ..
##..<....... ..
###...@.....#
#....gy.....#
####.....Z.......
#.....#........#.
#.....>........#
##.##y...........
#........###.
..../....#
#..#......#


You could see 2 killer bees, a goblin and a water moccasin skeleton.

Vanquished Creatures
  Grinder (D:3)
  A black bear (D:5)
  The ghost of Mandevil the Skirmisher, an amateur BaAK of Lugonu (D:3)
  An ogre (D:3)
  Crazy Yiuf (D:2)
  A bullfrog skeleton (D:4)
  A hound (D:3)
  An iguana (D:5)
  An adder (D:2)
  A white imp (D:3)
  A worm (D:5)
  2 dart slugs
  An orc (D:3)
  5 endoplasms
  2 giant cockroaches
  7 goblins
  5 hobgoblins
  6 jackals
  4 quokkas
  5 ball pythons
  9 bats
  5 frilled lizards
  6 kobolds (D:2)
  6 rats
74 creatures vanquished.

Vanquished Creatures (others)
  3 fungi
  3 plants
6 creatures vanquished.

Grand Total: 80 creatures vanquished

Notes
Turn   | Place    | Note
-------+----------+-------------------------------------------
     0 | D:1      | Descartes the Formicid Fighter began the quest for the Orb.
     0 | D:1      | Reached XP level 1. HP: 18/18 MP: 1/1
   238 | D:1      | Reached skill level 4 in Shields
   269 | D:1      | Reached XP level 2. HP: 24/24 MP: 2/2
   624 | D:1      | Reached XP level 3. HP: 27/29 MP: 3/3
   746 | D:1      | Reached skill level 5 in Shields
  1383 | D:2      | Reached XP level 4. HP: 15/35 MP: 4/4
  2062 | D:2      | Found a runed translucent door.
  2063 | D:2      | Noticed Crazy Yiuf
  2070 | D:2      | Killed Crazy Yiuf
  2071 | D:2      | Reached skill level 6 in Shields
  2335 | D:3      | Found a faded altar of an unknown god.
  2356 | D:3      | Found Eckep's Magic Scroll Shoppe.
  2363 | D:3      | Bought 2 scrolls of identify for 44 gold pieces
  2365 | D:3      | Bought a scroll of identify for 22 gold pieces
  2365 | D:3      | Bought a scroll of identify for 22 gold pieces
  2365 | D:3      | Bought a scroll of identify for 22 gold pieces
  2370 | D:3      | Found a transporter.
  2374 | D:3      | Noticed Mandevil's ghost (amateur BaAK)
  2374 | D:3      | Noticed an ogre
  2375 | D:3      | Noticed an ogre
  2376 | D:3      | Found a transporter.
  2378 | D:3      | Reached XP level 5. HP: 41/41 MP: 5/5
  2404 | D:3      | Noticed Grinder
  2713 | D:3      | Reached skill level 7 in Shields
  3007 | D:3      | Killed Grinder
  3008 | D:3      | Reached skill level 8 in Shields
  3008 | D:3      | Reached XP level 6. HP: 18/47 MP: 6/6
  3506 | D:3      | Bought a scroll of identify for 22 gold pieces
  3553 | D:3      | Killed Mandevil's ghost
  3554 | D:3      | Reached skill level 9 in Shields
  3554 | D:3      | Reached XP level 7. HP: 22/52 MP: 7/7
  4144 | D:4      | Noticed Pikel
  4153 | D:5      | Entered Level 5 of the Dungeon
  4317 | D:5      | Reached skill level 1 in Maces & Flails
  4382 | D:4      | Reached skill level 5 in Armour
  4384 | D:4      | Noticed Sigmund
  4393 | D:4      | Noticed Purgy
  4490 | D:4      | Slain by a killer bee

Illustrated notes

Levels and vault maps discovered:
D:1:      dpeg_cavernosity, layout_basic
D:2:      minmay_chambers_of_twos, layout_loops_cross, uniq_crazy_yiuf_cottage
D:3:      layout_basic, serial_shops,
          nicolae_shop_temple_entry_statues_fountains, gammafunk_ghost_smash,
          dreamdust_ecumenical_altar_grove, uniq_grinder
D:4:      layout_cave_pools, mainiacjoe_overflow_six_doors_small,
          hangedman_decor_diamond_cutter, kennysheep_boxes, uniq_purgy,
          uniq_pikel, uniq_sigmund
D:5:      layout_loops_cross, chequers_big_river

Skill      XL: |  1  2  3  4  5  6  7 |
---------------+----------------------+-----
Shields        | 4 5 6 8 9 |  9.0
Armour         | 5 |  5.0
Maces & Flails | 1 |  1.9
Fighting       | |  3.2
Axes           | |  2.0

Action                   |  1- 3 |  4- 6 |  7- 9 || total
-------------------------+-------+-------+-------++-------
Melee: War axe           |    93 |   129 |     7 ||   229
       Dire flail        |       |       |    38 ||    38
       Unarmed           |       |       |     7 ||     7
 Abil: Dig               |     2 |     4 |     1 ||     7
  Use: Scroll            |       |     6 |       ||     6
       Potion            |       |       |     1 ||     1
Armor: Scale mail        |    42 |    51 |    14 ||   107
       Skin              |       |       |    11 ||    11
Dodge: Dodged            |    20 |    43 |    30 ||    93
Block: Kite shield       |    50 |    82 |    42 ||   174
